 Dungeon Crawl Stone Soup version 0.28.0-47-ge53b351184 (webtiles) character file.

Game seed: 15193976406626811119

2185 pkoi the Conjurer (level 8, -4/58 HPs)
             Began as a Demigod Conjurer on May 7, 2022.
             Slain by Maggie
             ... wielding a +0 morningstar
              (11 damage)
             ... on level 6 of the Dungeon.
             The game lasted 00:14:25 (11032 turns).

pkoi the Conjurer (Demigod Conjurer)               Turns: 11032, Time: 00:14:26

Health: -4/58      AC:  6    Str:  8    XL:     8   Next: 87%
Magic:  11/14      EV: 10    Int: 28    God:
Gold:   382        SH:  0    Dex: 15    Spells: 0/11 levels left

rFire   . . .      SeeInvis +   k - +6 shillelagh "Devastator" {shatter}
rCold   . . .      Faith    .   (no shield)
rNeg    . . .      Spirit   .   s - +1 ring mail of Ruissu {Dex+3 SInv}
rPois   .          Reflect  .   (no helmet)
rElec   .          Harm     .   (no cloak)
rCorr   .          Rampage  .   (no gloves)
Will    .....                   (no boots)
Stlth   +.........              (no amulet)
HPRegen 0.19/turn               (no ring)
MPRegen 0.14/turn               (no ring)

@: mesmerised
A: high MP 1, forlorn, divine attributes
a: no special abilities


You were on level 6 of the Dungeon.
You visited 1 branch of the dungeon, and saw 6 of its levels.

You collected 382 gold pieces.

Inventory:

Hand Weapons
 k - the +6 shillelagh "Devastator" (weapon) {shatter}
   (You found it on level 3 of the Dungeon)

   It releases a powerful concussive burst when it strikes, dealing extra damage
   to the target and all other foes adjacent to them.
 q - the +8 mace "Xanlos" {pain, Contam rC++ Dex+4}
   (You found it on level 4 of the Dungeon)

   In the hands of one skilled in necromantic magic, it inflicts extra damage on
   living creatures.
   Dex:       It affects your dexterity (+4).
   rC:        It greatly protects you from cold.
   Contam:    It causes magical contamination when unequipped.
Missiles
 h - a throwing net
Armour
 a - a +1 robe
 s - the +1 ring mail of Ruissu (worn) {Dex+3 SInv}
   (You found it on level 6 of the Dungeon)

   Dex:       It affects your dexterity (+3).
   SInv:      It lets you see invisible.
Jewellery
 j - a ring of fire
Wands
 m - a wand of iceblast (8)
Scrolls
 d - 7 scrolls of identify
 f - a scroll of fog {unknown}
 n - 2 scrolls of teleportation
 o - a scroll of brand weapon {unknown}
 r - a scroll of noise {unknown}
Potions
 b - a potion of might {unknown}
 c - a potion of mutation {unknown}
 e - a potion of invisibility
 g - a potion of attraction {unknown}
 i - a potion of berserk rage
 l - 2 potions of curing
 p - 2 potions of flight {unknown}


   Skills:
 - Level 0.4 Fighting
 + Level 3.8 Maces & Flails
 + Level 3.0 Armour
 - Level 1.9 Dodging
 - Level 1.7 Stealth
 - Level 2.0 Spellcasting
 + Level 7.6 Conjurations
 + Level 4.6 Hexes
 + Level 4.6 Translocations


You couldn't memorise any spells.
You knew the following spells:

 Your Spells              Type           Power      Damage    Failure   Level
a - Magic Dart            Conj           100%       1d8       1%          1
b - Searing Ray           Conj           90%        2d7       1%          2
c - Iskenderun's Mystic   Conj/Tloc      37%        2d9       21%         4
d - Fulminant Prism       Conj/Hex       18%        3d11      22%         4

Your spell library contained the following spells:

 Spells                   Type           Power      Damage    Failure   Level
 Dazzling Flash           Conj/Hex       74%        N/A       6%          3
 Sublimation of Blood     Necr           2%         N/A       36%         2
 Wereblood                Tmut           2%         N/A       36%         2
 Summon Hydra             Summ           1%         N/A       100%        7


Dungeon Overview and Level Annotations

Branches:
Dungeon (6/15)             Temple (0/1) D:5

Shops:
D:4 :

Annotations:
D:3 3 runed translucent doors, Death25's ghost, amateur DsAK
D:6 4 runed translucent doors, Maggie


Innate Abilities, Weirdness & Mutations

You have an increased reservoir of magic. (+10% MP)
You shall have no god before yourself.
Your divine heritage dramatically boosts your attributes as you level up.


Message History

You see here a +0 scale mail.
You open the door.
Maggie the Vainglorious comes into view.
She is wielding a +0 morningstar.
Maggie shouts!
Maggie is nearby!
Maggie is nearby!
There is an open door here.
Maggie hits you with a +0 morningstar!!
* * * LOW HITPOINT WARNING * * *
You hit Maggie but do no damage. Maggie closely misses you.
You hit Maggie.
Maggie shudders.
Maggie is lightly wounded. x2
Maggie casts a spell.
Maggie attempts to bespell you!
You are mesmerised by Maggie!
You barely miss Maggie.
Maggie is lightly wounded.
Maggie hits you but does no damage.
You closely miss Maggie.
Maggie is lightly wounded.
Maggie hits you with a +0 morningstar.
* * * LOW HITPOINT WARNING * * *
You hit Maggie.
Maggie shudders.
Maggie is heavily wounded. x2
Maggie hits you with a +0 morningstar!
* * * LOW HITPOINT WARNING * * *
Casting: Searing Ray (safe; 1% risk of failure)
Confirm with . or Enter, or press ? or * to list all spells.
Aiming: Searing Ray (safe; 1% risk of failure)
Press: ? - help, Shift-Dir - straight line, f - Maggie
Aim: Maggie, wielding a +0 morningstar and wearing +0 steam dragon scales (heavily wounded, mesmerising, 82% to hit)
The searing ray hits Maggie!
Maggie is severely wounded. (Press . to maintain the ray.) Maggie hits you with a +0 morningstar!
* * * LOW HITPOINT WARNING * * *
The searing ray hits Maggie.
Maggie is severely wounded.
Maggie hits you with a +0 morningstar!
You die...

...# #..##......#
...## ##..##....###
....######.........#
...........###.....#
...................#
.....##.##...#[#####
....#...###..#....#
....#.#......###'##
.(..#...#######.@#
........# #..@.#
...#..^## +....#
...>...# ##..##
##.#..## ###+
#....## #...##
..#.## .....#


You could see Maggie (mesmerising).

Vanquished Creatures
  An unseen horror (D:6)
  Prince Ribbit (D:6)
  A steam dragon (D:6)
  A water moccasin (D:6)
  An ice beast (D:6)
  A black bear (D:6)
  An ogre (D:5)
  A phantom (D:6)
  3 kobold brigands
  A scorpion (D:4)
  A vampire bat (D:3)
  A wight (D:6)
  A bullfrog zombie (D:6)
  2 centaur zombies (D:5)
  3 bullfrog skeletons
  A hound (D:5)
  A jelly (D:6)
  2 orc priests (D:6)
  A gnoll shaman (D:4)
  2 iguanas
  An orc wizard (D:6)
  A hound zombie (D:5)
  16 gnolls
  4 adders
  A shadow imp (D:6)
  A white imp (D:6)
  2 adder skeletons
  A worm (D:5)
  A dart slug (D:1)
  11 orcs
  13 bats
  8 endoplasms
  3 giant cockroaches
  7 goblins
  10 hobgoblins
  53 kobolds
  9 quokkas
  4 ball pythons
  3 frilled lizards (D:3)
  6 rats
182 creatures vanquished.

Vanquished Creatures (others)
  A plant (D:1)
1 creature vanquished.

Grand Total: 183 creatures vanquished

Notes
Turn   | Place    | Note
-------+----------+-------------------------------------------
     0 | D:1      | pkoi the Demigod Conjurer began the quest for the Orb.
     0 | D:1      | Reached XP level 1. HP: 14/14 MP: 5/5
   402 | D:1      | Reached skill level 4 in Conjurations
   647 | D:1      | Reached XP level 2. HP: 19/20 MP: 0/7
   715 | D:1      | Learned a level 2 spell: Searing Ray
  1798 | D:2      | Reached XP level 3. HP: 26/26 MP: 5/8
  2643 | D:2      | Reached skill level 1 in Translocations
  2643 | D:2      | Reached XP level 4. HP: 31/33 MP: 2/9
  3115 | D:2      | Reached skill level 1 in Hexes
  3186 | D:3      | Reached skill level 5 in Conjurations
  3199 | D:3      | Learned a level 4 spell: Iskenderun's Mystic Blast
  3842 | D:3      | Found a runed translucent gate.
  3842 | D:3      | Found a runed translucent gate.
  3844 | D:3      | Found a runed translucent gate.
  3845 | D:3      | Noticed Death25's ghost (amateur DsAK)
  3845 | D:3      | Identified the +4 ring mail of Berpheru {rN+ Str+4}
  4287 | D:3      | Reached XP level 5. HP: 30/38 MP: 3/10
  4943 | D:3      | Found the +6 shillelagh "Devastator" {shatter}
  5586 | D:3      | Reached XP level 6. HP: 45/45 MP: 6/11
  6051 | D:3      | HP: 2/45 [kobold brigand/+0 short sword (5)]
  6055 | D:3      | Reached skill level 6 in Conjurations
  6771 | D:4      | Found Ojaguoz's Book Shop.
  6881 | D:4      | Reached skill level 1 in Maces & Flails
  7084 | D:4      | Identified the +8 mace "Xanlos" {pain, Contam rC++ Dex+4}
  7595 | D:5      | Entered Level 5 of the Dungeon
  7687 | D:5      | Reached XP level 7. HP: 50/50 MP: 9/13
  8213 | D:5      | Found a staircase to the Ecumenical Temple.
  9193 | D:6      | Identified the +1 ring mail of Ruissu {Dex+3 SInv}
  9241 | D:6      | Noticed a steam dragon
  9301 | D:6      | Reached skill level 7 in Conjurations
  9556 | D:6      | Reached skill level 1 in Armour
  9761 | D:6      | Reached XP level 8. HP: 40/58 MP: 4/14
 10068 | D:6      | Noticed Prince Ribbit
 10085 | D:5      | Learned a level 4 spell: Fulminant Prism
 10134 | D:6      | Found a large runed translucent door.
 10134 | D:6      | Found a large runed translucent door.
 10140 | D:6      | Noticed a gargoyle
 10154 | D:6      | Found a large runed translucent door.
 10154 | D:6      | Found a large runed translucent door.
 10446 | D:6      | Noticed an unseen horror
 10452 | D:6      | Killed an unseen horror
 10934 | D:6      | Killed Prince Ribbit
 11023 | D:6      | Noticed Maggie
 11032 | D:6      | Slain by Maggie

Illustrated notes

Levels and vault maps discovered:
D:1:      sevenhm_arrival_forest_fort_large_4, layout_loops_ring
D:2:      layout_basic, shapermc_ecumenical_altar_totnotflames
D:3:      minmay_goblin_kobold_castle, layout_basic, elyvilon_altar_1,
          biasface_ghost_orc_armoury, roderic_batcave,
          chequers_serial_rivers_large_b
D:4:      layout_cave_pools, mainiacjoe_overflow_two_lobes, serial_shops, shop
D:5:      layout_cave_pools, minmay_temple_entry_waves
D:6:      minmay_bubble_buster, layout_rooms, grunt_gozag_statues,
          minmay_hollow_rounded_squares, uniq_maggie, uniq_eustachio,
          uniq_prince_ribbit1

Skill      XL: |  1  2  3  4  5  6  7  8 |
---------------+-------------------------+-----
Conjurations   | 4 5 6 7 |  7.6
Spellcasting   | 2 |  2.0
Translocations | 1 2 3 4 |  4.6
Hexes          | 1 2 3 4 |  4.6
Maces & Flails | 1 2 3 |  3.8
Armour         | 1 3 |  3.0
Fighting       | |  0.4
Dodging        | |  1.9
Stealth        | |  1.7

Action                   |  1- 3 |  4- 6 |  7- 9 || total
-------------------------+-------+-------+-------++-------
Melee: Club              |     1 |       |       ||     1
       Halberd           |     1 |     5 |       ||     6
       Shillelagh        |       |     6 |    62 ||    68
       Punch             |       |       |     1 ||     1
 Cast: Magic Dart        |   105 |   145 |    57 ||   307
       Searing Ray       |       |    10 |     7 ||    17
  Use: Scroll            |       |     7 |       ||     7
 Stab: Sleeping          |       |     2 |       ||     2
Armor: Robe              |     4 |     7 |     7 ||    18
       Ring mail         |       |       |    15 ||    15
Dodge: Dodged            |    13 |    23 |    48 ||    84
